 Dungeon Crawl Stone Soup version 0.27-a0-223-ge082b6e869 (webtiles) character file.

Game seed: 10184466834562559459

4 sahdkjhfkaj the Magician (level 1, -4/8 HPs)
             Began as a Deep Elf Hedge Wizard on Feb 1, 2021.
             Slain by a vampire mosquito (7 damage)
             ... summoned by a worldbinder
             ... on level 2 of the Abyss.
             The game lasted 00:01:14 (220 turns).

sahdkjhfkaj the Magician (Deep Elf Hedge Wizard)     Turns: 220, Time: 00:01:14

Health: -4/8       AC:  2    Str:  7    XL:     1   Next: 58%
Magic:  8/8        EV: 13    Int: 14    God:
Gold:   36         SH:  0    Dex: 14    Spells: 8/9 levels left

rFire    . . .     SeeInvis .   f - +2 dagger (speed)
rCold    . . .     Faith    .   (no shield)
rNeg     . . .     Spirit   .   b - +0 robe
rPois    .         Reflect  .   c - +0 hat
rElec    .         Harm     .   (no cloak)
rCorr    .         Rampage  .   (no gloves)
Will     .....                  (no boots)
Stlth    ++........             (no amulet)
HPRegen  0.02/turn              (no ring)
MPRegen  0.11/turn              (no ring)

@: no status effects
A: [blurry vision 2], [deterioration 2], [dopey 2], [frail 2], [screaming 2]
a: no special abilities


You were on level 2 of the Abyss.
You visited 1 branch of the dungeon, and saw 1 of its levels.
You visited the Abyss 1 time.

You collected 36 gold pieces.

Inventory:

Hand Weapons
 a - a +0 dagger
 e - a +0 dagger of distortion {!w}
   (You found it on level 1 of the Dungeon)
 f - a +2 dagger of speed (weapon)
   (You took it off a goblin on level 1 of the Dungeon)
Armour
 b - a +0 robe (worn)
 c - a +0 hat (worn)
Scrolls
 g - a scroll of teleportation {unknown}
Potions
 d - a potion of curing {unknown}


   Skills:
 - Level 2.4 Dodging
 - Level 2.4 Stealth
 + Level 4.8 Spellcasting
 - Level 1.1 Conjurations
 - Level 1.1 Summonings
 - Level 1.1 Translocations


You had 8 spell levels left.
You knew the following spells:

 Your Spells              Type           Power        Failure   Level
a - Magic Dart            Conj           24%          12%         1

Your spell library contained the following spells:

 Spells                   Type           Power        Failure   Level
 Blink                    Tloc           N/A          17%         2
 Call Imp                 Summ           6%           17%         2
 Slow                     Hex            3%           26%         2
 Conjure Flame            Conj/Fire      4%           38%         3
 Mephitic Cloud           Conj/Pois/Air  4%           43%         3


Dungeon Overview and Level Annotations

Branches:
Dungeon (1/15)

Altars:


Innate Abilities, Weirdness & Mutations

[Scrolls take you longer to read.]
[Your body often deteriorates upon taking damage.]
[You are very dopey. (Int -4)]
[You are very frail. (-20% HP)]
[You sometimes yell uncontrollably at your foes.]


Message History

f - a +2 dagger of speed Really unwield
e - a +0 dagger of distortion {!w}?
Your hands tingle!
f - a +2 dagger of speed (weapon)
You are cast into the Abyss!
To return, you must find a gate leading back.
Killing monsters will force the Abyss to allow you passage.
This branch contains the abyssal rune of Zot.
Found a gateway leading deeper into the Abyss.
Found 56 gold pieces.
Found a scroll labelled BEORIX VOLIJU.
Found a gateway leading deeper into the Abyss.
Unknown command.
There is a gateway leading deeper into the Abyss here.
You can't go down here!
There is a gateway leading deeper into the Abyss here.
Unknown command.
Unknown command.
Unknown command.
You plunge deeper into the Abyss.
Found 72 gold pieces and a long sword.
Found a short sword.
You now have 26 gold pieces (gained 12).
You see here a great mace.
Found 10 gold pieces.
Found a scroll labelled KEVVITENWU.
You now have 36 gold pieces (gained 10).
g - a scroll labelled KEVVITENWU The wretched star pulses with an eldritch light!
You feel stupid. x2; Your vision blurs. x2
The wretched star pulses with an eldritch light!
You feel frail. x2
Found a spear.
The wretched star pulses with an eldritch light!
You feel the urge to shout.
You feel a strong urge to yell.
The wretched star pulses with an eldritch light!
You feel yourself wasting away.
You feel your body start to fall apart.
A starcursed mass splits.
A chorus of shrieks assaults your mind.
Ouch! That really hurt!
* * * LOW HITPOINT WARNING * * *
A worldbinder comes into view.
You yell at the worldbinder!
You hear a bark!
The worldbinder calls forth creatures from the Swamp!
The worldbinder calls forth creatures from the Swamp!
Unknown command.
The vampire mosquito bites you!
Ouch! That really hurt!
You die...

#.#####.....#
#..#.. #.#.# #.
.###.# ## #.#n.#
.x#
.##.##.#.###....
#.......#..##.#...
#..#...#x...## ..#
#.....#y#.### #...
#.#..@#..# ...
#...#.## # #....#.
##.#.##. .. #. .#
#.. .# # ##. .. #.
.#


You could see a worldbinder and a vampire mosquito (summoned).

Vanquished Creatures
  A goblin (D:1)
  2 hobgoblins (D:1)
  A rat (D:1)
4 creatures vanquished.

Notes
Turn   | Place    | Note
-------+----------+-------------------------------------------
     0 | D:1      | sahdkjhfkaj the Deep Elf Hedge Wizard began the quest for
                  | the Orb.
     0 | D:1      | Reached XP level 1. HP: 10/10 MP: 7/7
   123 | D:1      | Cast into level 1 of the Abyss (unwielding a weapon of
                  | distortion)
   157 | Abyss:2  | Noticed a wretched star
   182 | Abyss:2  | Noticed a starcursed mass
   208 | Abyss:2  | Noticed a worldbinder
   217 | Abyss:2  | Noticed a swamp drake
   217 | Abyss:2  | Noticed a bog body
   220 | Abyss:2  | Noticed a vampire mosquito
   220 | Abyss:2  | Slain by a vampire mosquito

Illustrated notes

Levels and vault maps discovered:
D:1:      dpeg_arrival_pits, layout_basic
Abyss:2:  base:
D:1

Action                   || total
-------------------------++-------
 Cast: Magic Dart        ||    10

Table legend: (Time is in decaauts)
 A = Elapsed time spent in this place.
 B = Non-inter-level travel time spent in this place.
 C = Inter-level travel time spent in this place.
 D = Time resting spent in this place.
 E = Time spent auto-exploring this place.
 F = Levels seen in this place.
 G = Mean time per level.
                   A        B        C        D        E       F      G
               +--------+--------+--------+--------+--------+-----+--------+
         Total |    218 |    218 |      0 |      0 |    102 |   3 |   72.7 |
       Dungeon |    122 |    122 |      0 |      0 |    102 |   1 |  122.0 |
         Abyss |     96 |     96 |      0 |      0 |      0 |   2 |   48.0 |
               +--------+--------+--------+--------+--------+-----+--------+

Top non-repeatable levels by time:
     D:1: 122 daAuts
 Abyss:2: 82 daAuts
 Abyss:1: 13 daAuts
